 Dungeon Sprint DCSS version 0.30.1-11-g7821555f0a (webtiles) character file.

Game seed: 372006017355733722

21184 Heoruswealwe the Phalangite (level 12, 0/132 HPs)
             Began as a Minotaur Fighter on Jan 2, 2024.
             Was an Initiate of Gozag.
             Slain by a frost giant
             ... wielding a +0 battleaxe of freezing
              (12 damage)
             ... in the Dungeon (Sprint IX: "|||||||||||||||||||||||||||||").
             The game lasted 00:24:21 (2913 turns).

Heoruswealwe the Phalangite (Minotaur Fighter)      Turns: 2913, Time: 00:24:22

Health: 0/132      AC: 27    Str: 32    XL:     12   Next: 51%
Magic:  11/11      EV:  9    Int:  5    God:    Gozag
Gold:   530        SH:  0    Dex: 10    Spells: 11/11 levels left

rFire   . . .        b - +2 halberd (venom)
rCold   . . .        (shield currently unavailable)
rNeg    . . .        c - +0 plate armour
rPois   .            g - +2 hat
rElec   .            h - +1 cloak
rCorr   .            f - +0 pair of gloves
SInv    .            e - +0 pair of boots
Will    .....        (no amulet) Stlth
                     k - +3 ring of strength
HPRegen 0.42/turn    j - +3 ring of strength
MPRegen 0.12/turn

%: no teleportation
@: gold aura
A: horns 2, retaliatory headbutt
a: Renounce Religion, Potion Petition, Call Merchant, Bribe Branch


You were in the Dungeon.
You worshipped Gozag.
Gozag was pleased with you.
You visited 1 branch You collected 8943 gold pieces.
You spent 3888 gold pieces at shops.
You paid 4525 gold pieces to Gozag.

Inventory:

Hand Weapons
 a - a +0 trident
 b - a +2 halberd of venom (weapon)
Armour
 c - a +0 plate armour (worn)
 d - a +2 buckler
 e - a +0 pair of boots (worn)
 f - a +0 pair of gloves (worn)
 g - a +2 hat (worn)
 h - a +1 cloak (worn)
Jewellery
 j - a +3 ring of strength (right hand)
 k - a +3 ring of strength (left hand)
Wands
 z - a wand of mindburst (9)
 A - a wand of roots (10)
Scrolls
 l - 2 scrolls of enchant armour
 n - 6 scrolls of blinking
 o - a scroll of brand weapon
 w - 5 scrolls of enchant weapon
 x - 8 scrolls of identify
Potions
 i - 2 potions of berserk rage
 m - a potion of might
 p - a potion of resistance
 q - 3 potions of curing
 u - a potion of mutation
 y - 2 potions of heal wounds
 B - a potion of haste
Miscellaneous
 r - a tin of tremorstones (2/2)
 s - a lightning rod (4/4)
 t - a box of beasts
 v - a phantom mirror


   Skills:
 + Level 19.7 Fighting
 * Level 26.4 Polearms
 + Level 19.7 Armour
 - Level 3.6 Shields


You had 11 spell levels left.
You didn't know any spells.
Your spell library contained the following spells:

 Spells                   Type           Power      Damage    Failure   Level
 Passage of Golubria      Tloc           0%         N/A       100%        4
 Silence                  Hex/Air        0%         N/A       100%        5
 Lehudib's Crystal Spear  Conj/Erth      0%         10d2      100%        8


Dungeon Overview and Level Annotations

Branches:
Dungeon (1/1)

Altars:
Cheibriados
Dithmenos
Elyvilon
Fedhas
Gozag
Hepliaklqana
Kikubaaqudgha
Makhleb
Nemelex Xobeh
Okawaru
Qazlal
Ru
Sif Muna
Trog
Uskayaw
Vehumet
Wu Jian
Xom
Yredelemnul
Zin
The Shining One
Jiyva
Lugonu

Shops:
D ((*:(((*


Innate Abilities, Weirdness & Mutations

You have a pair of horns on your head.
You reflexively headbutt those who attack you in melee.


Message History

The fire dragon is moderately wounded.
The fire dragon bites you but does no damage.
The fire dragon completely misses you. The fire dragon tramples you!
You hold your ground!
You hit the fire dragon. You headbutt the fire dragon.
The fire dragon is moderately wounded.
You barely miss the fire dragon.
The fire dragon is moderately wounded.
The fire dragon barely misses you.
The fire dragon claws you but does no damage.
The fire dragon closely misses you.
You impale the fire dragon!! Your headbutt misses the fire dragon.
The fire dragon is severely wounded.
The fire dragon breathes flames at you. The blast of flame hits you!!
* * * LOW HITPOINT WARNING * * *
You feel much better. The fire dragon bites you.
The fire dragon claws you but does no damage.
The fire dragon barely misses you.
You slice the fire dragon!!
The fire dragon is almost dead.
The fire dragon bites you but does no damage.
The fire dragon claws you but does no damage.
The fire dragon tramples you but does no damage.
You impale the fire dragon!!
You kill the fire dragon!
Reach: b) +2 halberd (venom)
Press: ? - help, Dir - move target, f - frost giant
Aim: a frost giant, wielding a +0 battleaxe of freezing (about 10% to evade your +2 halberd of venom)
You reach to attack!
You impale the frost giant!!
The frost giant looks as sick as possible!
The frost giant is lightly wounded.
You puncture the frost giant!
The frost giant looks as sick as possible!
The frost giant is moderately wounded.
The frost giant hits you with a +0 battleaxe of freezing!!
* * * LOW HITPOINT WARNING * * *
The frost giant freezes you!
You die...
Your body crumbles into a pile of gold.

▓_▓.▓.▓.▓.▓.▓.▓,*,*,*,*,*,*,*,
▓_▓.▓.▓.▓.▓.▓.▓,*+*,*,*,*,*,*+
▓_▓.▓.▓.▓.▓.▓.▓,*,*,*+*,*,*,*,
▓_▓.▓.▓.▓.▓.▓.▓,*,*,*,*,*,*,*,
▓_▓.▓.▓.▓.▓.▓.▓,*,*,*,*,*,*,*,
▓_▓.▓.▓.▓.▓.▓.▓,*,*,*,*,*,*,*,
▓_▓.▓.▓.▓'▓.▓$▓,*,*,*,*,*,*,*,
▓'▓.▓'▓.▓)▓.▓$▓,*,*,*,*,*,*,*,
▓!▓.▓.▓.▓!▓.▓@▓,*,*,*,*,*,*,*,
▓?▓.▓.▓.▓.▓.▓C▓,*,*,*,*,*,*,*,
▓)▓.▓.▓.▓.▓.▓.▓,*,*,*,*,*,*,*,
▓[▓.▓.▓.▓.▓.▓.▓,*+*,*,*,*,*,*,
▓[▓.▓.▓.▓∩▓.▓.▓,*,*,*,*,*,*,*,
▓.▓.▓.▓.▓.▓.▓.▓,*,*,*,*,*,*,*,
▓.▓.▓.▓.▓∩▓.▓.▓,*,*,*,*,*,*,*,
▓.▓.▓.▓.▓.▓.▓.▓,*,*,*,*,*,*,*+
▓.▓.▓=▓.▓∩▓.▓,*,*,*,*,*,*,*,*,


You could see a frost giant (extremely poisoned).

Vanquished Creatures
  Gastronok (D)
  An ettin (D)
  A fire dragon (D)
  An ice dragon (D)
  A rakshasa (D)
  An ogre mage (D)
  Erolcha (D)
  A hydra (D)
  2 boulder beetles (D)
  A vampire mage (D)
  3 orc high priests (D)
  A skyshark (D)
  A deep elf pyromancer (D)
  4 orc knights (D)
  A harpy (shapeshifter) (D)
  2 cyclopes (D)
  4 orc sorcerers (D)
  A manticore (D)
  2 ugly things (D)
  An elephant (D)
  2 cane toads (D)
  A kobold demonologist (D)
  A tengu conjurer (D)
  2 komodo dragons (D)
  Psyche (D)
  A wind drake (shapeshifter) (D)
  5 polar bears (D)
  A dream sheep (D)
  A wraith (D)
  3 yaks (D)
  2 water moccasins (D)
  8 orc warriors (D)
  5 black bears (D)
  An ogre (D)
  A wolf (D)
  A bullfrog (D)
  A scorpion (D)
  A howler monkey (D)
  3 orc priests (D)
  2 iguanas (D)
  5 orc wizards (D)
  A hell rat (D)
  An adder (D)
  A worm (shapeshifter) (D)
  A dart slug (D)
  14 orcs (D)
  An endoplasm (D)
  A goblin (D)
  A ball python (D)
  A rat (D)
101 creatures vanquished.

Vanquished Creatures (others)
  A troll (shapeshifter) (D)
1 creature vanquished.

Grand Total: 102 creatures vanquished

Notes
Turn   | Place    | Note
-------+----------+-------------------------------------------
     0 | D        | Heoruswealwe the Minotaur Fighter began the quest for the
                  | Orb.
     0 | D        | Reached XP level 1. HP: 19/19 MP: 0/0
     6 | D        | Reached skill level 3 in Polearms
    13 | D        | Reached skill level 4 in Polearms
    18 | D        | Noticed an ogre
    18 | D        | Noticed an iguana
    18 | D        | Noticed a scorpion
    18 | D        | Noticed an iguana
    25 | D        | Killed an ogre
    26 | D        | Reached skill level 7 in Polearms
    26 | D        | Reached XP level 2. HP: 29/30 MP: 1/1
    26 | D        | Reached XP level 3. HP: 35/37 MP: 2/2
    26 | D        | Reached XP level 4. HP: 42/44 MP: 3/3
    30 | D        | Reached skill level 8 in Polearms
    36 | D        | Killed a scorpion
    37 | D        | Reached skill level 9 in Polearms
    37 | D        | Reached XP level 5. HP: 44/52 MP: 4/4
    38 | D        | Reached skill level 10 in Polearms
    44 | D        | Found a snail-covered altar of Cheibriados.
    44 | D        | Found a shadowy altar of Dithmenos.
    44 | D        | Found a white marble altar of Elyvilon.
    44 | D        | Found a blossoming altar of Fedhas.
    44 | D        | Found an opulent altar of Gozag.
    45 | D        | Found a hazy altar of Hepliaklqana.
    46 | D        | Found a viscous altar of Jiyva.
    47 | D        | Found an ancient bone altar of Kikubaaqudgha.
    48 | D        | Found a corrupted altar of Lugonu.
    49 | D        | Found a burning altar of Makhleb.
    50 | D        | Found a sparkling altar of Nemelex Xobeh.
    51 | D        | Found an iron altar of Okawaru.
    52 | D        | Became a worshipper of Gozag Ym Sagoz the Greedy
    53 | D        | Found a stormy altar of Qazlal.
    54 | D        | Found a sacrificial altar of Ru.
    55 | D        | Found a shimmering blue altar of Sif Muna.
    56 | D        | Found a bloodstained altar of Trog.
    57 | D        | Found a hide-covered altar of Uskayaw.
    58 | D        | Found a radiant altar of Vehumet.
    59 | D        | Found an ornate altar of the Wu Jian Council.
    60 | D        | Found a shimmering altar of Xom.
    61 | D        | Found a basalt altar of Yredelemnul.
    62 | D        | Found a glowing silver altar of Zin.
    63 | D        | Found a glowing golden altar of the Shining One.
   112 | D        | Noticed a kobold demonologist
   112 | D        | Noticed a yak
   112 | D        | Noticed an orc warrior
   113 | D        | Noticed an ice devil
   120 | D        | Noticed a soul eater
   138 | D        | Noticed a chaos spawn
   145 | D        | HP: 2/45 [chaos spawn[a kobold demonologist] (8)]
   157 | D        | Killed a kobold demonologist
   158 | D        | Reached skill level 12 in Polearms
   158 | D        | Reached XP level 6. HP: 28/66 MP: 5/5
   163 | D        | Killed a yak
   164 | D        | Reached skill level 10 in Fighting
   164 | D        | Reached skill level 13 in Polearms
   164 | D        | Reached skill level 10 in Armour
   164 | D        | Reached XP level 7. HP: 22/72 MP: 6/6
   177 | D        | Reached skill level 14 in Polearms
   362 | D        | Noticed a brown ugly thing
   362 | D        | Noticed a deep elf pyromancer
   362 | D        | Noticed a manticore
   362 | D        | Noticed a wraith
   362 | D        | Noticed a tengu conjurer
   362 | D        | Noticed a boulder beetle
   366 | D        | Killed a brown ugly thing
   367 | D        | Reached skill level 15 in Polearms
   367 | D        | Reached XP level 8. HP: 82/82 MP: 7/7
   369 | D        | Killed a deep elf pyromancer
   370 | D        | Reached skill level 16 in Polearms
   569 | D        | Killed a manticore
   570 | D        | Reached XP level 9. HP: 56/92 MP: 8/8
   572 | D        | Reached skill level 17 in Polearms
   574 | D        | Killed a tengu conjurer
   580 | D        | Killed a boulder beetle
   581 | D        | Reached skill level 18 in Polearms
   920 | D        | Noticed an elephant
   920 | D        | Noticed a komodo dragon
   920 | D        | Noticed a cane toad
   922 | D        | Killed an elephant
   924 | D        | Killed a komodo dragon
   928 | D        | Reached skill level 19 in Polearms
   929 | D        | Killed a cane toad
   929 | D        | Noticed a komodo dragon
   933 | D        | Reached XP level 10. HP: 104/104 MP: 9/9
   940 | D        | Noticed a boulder beetle
   951 | D        | Killed a boulder beetle
   952 | D        | Reached skill level 15 in Fighting
   952 | D        | Reached skill level 20 in Polearms
   952 | D        | Reached skill level 15 in Armour
  1020 | D        | Noticed a skyshark
  1020 | D        | Noticed a cane toad
  1026 | D        | Noticed a seven-headed hydra
  1031 | D        | Killed a skyshark
  1036 | D        | Killed a cane toad
  1037 | D        | Reached skill level 21 in Polearms
  1174 | D        | Killed a ten-headed hydra
  1234 | D        | Reached XP level 11. HP: 90/114 MP: 10/10
  1245 | D        | Reached skill level 22 in Polearms
  1367 | D        | Noticed Erolcha
  1373 | D        | Killed Erolcha
  1402 | D        | Noticed an orc knight
  1422 | D        | Killed an orc knight
  1632 | D        | Noticed an orc knight
  1643 | D        | Killed an orc knight
  1660 | D        | Reached skill level 23 in Polearms
  1890 | D        | Found Ofiutt's Antique Weapon Emporium.
  1890 | D        | Noticed an orc sorcerer
  1890 | D        | Noticed an orc knight
  1890 | D        | Noticed an orc sorcerer
  1891 | D        | Noticed an orc high priest
  1895 | D        | Killed an orc sorcerer
  1901 | D        | Killed an orc knight
  1915 | D        | Paralysed by an orc sorcerer for 3 turns
  1919 | D        | Killed an orc sorcerer
  1921 | D        | Found Oxedueka's Antique Weapon Shoppe.
  1921 | D        | Noticed an orc knight
  1942 | D        | Killed an orc high priest
  1943 | D        | Noticed an orc sorcerer
  1947 | D        | Killed an orc knight
  1948 | D        | Reached skill level 24 in Polearms
  1956 | D        | Killed an orc sorcerer
  2166 | D        | Found Xettavo's General Store.
  2170 | D        | Found Vayd's Book Shoppe.
  2174 | D        | Noticed an orc sorcerer
  2175 | D        | Noticed an orc high priest
  2175 | D        | Noticed an orc high priest
  2194 | D        | Noticed a sixfirhy
  2201 | D        | Paralysed by an orc sorcerer for 2 turns
  2202 | D        | Killed an orc sorcerer
  2212 | D        | Killed an orc high priest
  2221 | D        | Killed an orc high priest
  2423 | D        | Bought a potion of flight for 42 gold pieces
  2423 | D        | Bought a lightning rod (4/4) for 420 gold pieces
  2423 | D        | Bought a box of beasts for 560 gold pieces
  2423 | D        | Bought a potion of mutation for 112 gold pieces
  2470 | D        | Bought a tin of tremorstones (2/2) for 1040 gold pieces
  2470 | D        | Bought a phantom mirror for 1040 gold pieces
  2470 | D        | Bought a scroll labelled COGOUD ONIHO for 26 gold pieces
  2470 | D        | Bought a scroll labelled COGOUD ONIHO for 26 gold pieces
  2470 | D        | Bought a scroll labelled MAUXOU IL HED for 26 gold pieces
  2502 | D        | Noticed Gastronok
  2514 | D        | Killed Gastronok
  2515 | D        | Reached skill level 25 in Polearms
  2515 | D        | Reached XP level 12. HP: 91/128 MP: 11/11
  2620 | D        | Noticed Psyche
  2625 | D        | Killed Psyche
  2768 | D        | Acquired 860 gold pieces
  2805 | D        | Bought 3 scrolls of identify for 78 gold pieces
  2805 | D        | Bought a scroll of blinking for 97 gold pieces
  2805 | D        | Bought 2 scrolls of identify for 52 gold pieces
  2805 | D        | Bought a scroll of identify for 26 gold pieces
  2805 | D        | Bought a scroll of brand weapon for 123 gold pieces
  2805 | D        | Bought a scroll of magic mapping for 97 gold pieces
  2805 | D        | Bought a scroll of enchant weapon for 97 gold pieces
  2805 | D        | Bought a scroll of identify for 26 gold pieces
  2840 | D        | Noticed an ogre mage
  2857 | D        | Noticed an ice dragon
  2864 | D        | Killed an ogre mage
  2864 | D        | Noticed a rakshasa
  2867 | D        | Noticed an ettin
  2875 | D        | Noticed a vampire mage
  2878 | D        | Noticed a fire dragon
  2882 | D        | Killed a rakshasa
  2883 | D        | Noticed a frost giant
  2890 | D        | Killed an ice dragon
  2891 | D        | Reached skill level 26 in Polearms
  2895 | D        | Killed an ettin
  2902 | D        | Killed a vampire mage
  2911 | D        | Killed a fire dragon
  2913 | D        | Slain by a frost giant

Illustrated notes

Levels and vault maps discovered:
D:        linesprint [early_d, line_temple, items_1, d_10, items_2, lair_1,
          lair_end, items_3, orc_1, orc_end, items_4, d_15, swamp_1, shoals_1,
          snake_1, spider_1, d_20, vaults_1, items_5, swamp_end, shoals_end,
          snake_end, spider_end, vaults_end, d_27, items_6, zot_1, zot_end,
          crypt_end, forest_end, elf_end, slime_end, tomb_end, abyss_end,
          pan_hell_end]

Skill      XL: |  1  2  3  4  5  6  7  8  9 10 11 12 |
---------------+-------------------------------------+-----
Polearms       | 7 9 12 13 15 16 19 21 25 26 | 26.4
Fighting       | 6 7 9 10 11 12 14 16 18 19 | 19.7
Armour         | 6 7 9 10 11 12 14 16 18 19 | 19.7
Shields        | |  3.6

Action                     |  1- 3 |  4- 6 |  7- 9 | 10-12 || total
---------------------------+-------+-------+-------+-------++-------
  Melee: Trident           |    14 |    12 |       |       ||    26
         Headbutt          |     2 |    12 |    10 |    66 ||    90
         Halberd           |       |    43 |    50 |   288 ||   381
 Invoke: Call Merchant     |       |       |       |     5 ||     5
    Use: Potion            |       |     8 |       |     7 ||    15
         Scroll            |       |       |       |     2 ||     2
   Stab: Distracted        |       |       |       |     1 ||     1
 Armour: Scale mail        |     3 |     1 |       |       ||     4
         Plate armour      |       |    10 |    12 |   120 ||   142
  Dodge: Dodged            |     4 |    14 |     8 |    70 ||    96
  Block: Buckler           |     1 |     4 |       |       ||     5
